 Dungeon Crawl Stone Soup version 0.26-a0-215-g1b87330c0f (webtiles) character file.

Game seed: 10643128325103755409

(classic levelgen) 68 EnegeticOcto the Chopper (level 4, 0/30 HPs)
             Began as a Halfling Abyssal Knight on July 6, 2020.
             Was a Believer of Lugonu.
             Slain by an orc wizard
             ... wielding a +0 dagger
              (2 damage)
             ... on level 3 of the Dungeon.
             The game lasted 00:02:27 (3004 turns).

EnegeticOcto the Chopper (Halfling Abyssal Knight)  Turns: 3004, Time: 00:02:27

Health: 0/30       AC:  5    Str: 14    XL:     4   Next: 41%
Magic:  5/5        EV: 13    Int: 10    God:    Lugonu [**....]
Gold:   123        SH:  0    Dex: 13    Spells: 3/3 levels left

rFire    . . .     SeeInvis .   a - +1 hand axe
rCold    . . .     Faith    .   (shield restricted)
rNeg     . . .     Spirit   .   b - +0 leather armour
rPois    .         Reflect  .   (no helmet)
rElec    .         Harm     .   (no cloak)
rCorr    .                      (no gloves)
MR       .....                  j - +1 pair of boots
Stlth    +.........             (no amulet)
HPRegen  0.10/turn              (no ring)
MPRegen  0.09/turn              (no ring)

@: confused
A: small, mutation resistance 1
a: Depart the Abyss, Bend Space, Renounce Religion


You were on level 3 of the Dungeon.
You worshipped Lugonu.
Lugonu was pleased with you.
You were not hungry.

You visited 1 branch of the dungeon, and saw 3 of its levels.
You visited the Abyss 1 time.

You collected 123 gold pieces.

Inventory:

Hand Weapons
 a - a +1 hand axe (weapon)
Armour
 b - a +0 leather armour (worn)
 j - a +1 pair of boots (worn)
Scrolls
 d - 2 scrolls of remove curse {@r2}
 f - a scroll of fear {!r}
Potions
 h - a potion of ambrosia
 l - a potion of curing {unknown}


   Skills:
 - Level 2.6 Fighting
 + Level 4.3 Axes
 - Level 2.1 Armour
 - Level 1.1 Dodging
 - Level 2.0 Invocations


You had 3 spell levels left.
You didn't know any spells.
Your spell library was empty.

Dungeon Overview and Level Annotations

Branches:
Dungeon (3/15)

Altars:
Kikubaaqudgha
Yredelemnul

Annotations:
D:2 2 transporters, Menkaure
D:3 Grinder


Innate Abilities, Weirdness & Mutations

You are small and have problems with some larger weapons.
You are somewhat resistant to further mutation.


Message History

You kill the orc!
Lugonu accepts your kill.
No target in view!
No target in view!
No target in view!
No target in view!
No target in view!
No target in view!
No target in view!
The rat is too close now for your liking.
A rat is nearby!
You hit the rat.
The rat is moderately wounded.
The rat bites you but does no damage.
You hit the rat.
You kill the rat!
Lugonu accepts your kill.
No target in view!
No target in view!
No target in view!
No target in view!
No target in view!
An orc wizard comes into view. It is wielding a +0 dagger.
Found an escape hatch in the ceiling.
An orc wizard is nearby!
An orc wizard is nearby!
An orc comes into view. It is wielding a -1 flail.
The orc shouts!
You hear a shout! x3
The orc wizard mumbles some strange words.
The orc wizard flickers and vanishes!
Deactivating autopickup; reactivate with Ctrl-A.
An orc comes into view. It is wielding a +0 club.
The orc shouts!
A magic dart appears from out of thin air!
The magic dart hits you.
An orc comes into view.
It is wielding a +2 hand axe of electrocution.
The orc shouts!
Something hits you.
You miss something. Something hits you.
You closely miss something. You closely miss the orc. You closely miss the orc.
The orc closely misses you.
You closely miss the orc. The orc hits you with a +0 club.
You are too injured to fight recklessly!
You are too injured to fight recklessly!
You are too injured to fight recklessly!
You are too injured to fight recklessly!
You are too injured to fight recklessly!
You are too injured to fight recklessly!
You are too injured to fight recklessly!
You are too injured to fight recklessly!
You are too injured to fight recklessly!
You are too injured to fight recklessly!
You are too injured to fight recklessly!
You slash the orc!
You kill the orc!
Lugonu accepts your kill.
You miss something.
You hear some strange, mumbled words.
A magic dart appears from out of thin air!
The magic dart hits you.
You hit something. Something hits you but does no damage.
You barely miss something.
You hear some strange, mumbled words.
Something tries to affect you, but you resist.
You completely miss something. Something hits you but does no damage.
Press: ? - help, v - describe, . - travel
Here: an orc, wielding a +2 hand axe of electrocution and wearing a +0 ring mail The floor.
Unknown command.
You hit something but do no damage. Something hits you.
An orc comes into view. It is wielding a +0 club.
You aren't carrying any items that you can evoke.
Okay, then.
An orc wizard appears from thin air!
Reactivating autopickup.
The orc wizard casts a spell at you. The magic dart hits you.
The orc wizard points at you and mumbles some strange words.
You are confused.
You bump into the rock wall.
The orc wizard gestures wildly while chanting.
The orc wizard flickers and vanishes!
Deactivating autopickup; reactivate with Ctrl-A.
You bump into the rock wall.
You bump into the rock wall.
You feel less confused.
You hear some strange, mumbled words.
You are confused.
Something hits you but does no damage.
You bump into the rock wall.
Something hits you but does no damage.
You bump into the rock wall.
You hear some strange, mumbled words.
A magic dart appears from out of thin air!
The magic dart hits you!
* * * LOW HITPOINT WARNING * * *
You bump into the rock wall.
Something hits you.
* * * LOW HITPOINT WARNING * * *
You miss something. Something hits you.
You die...

................. .
.######...#######..
#...o.o...........
#.#####..##.$.....
#.# #..>##.####.<
#o# #.####o# #o# #.
#.# #.####. #o#
#@#..#. #.# #.#..#.
#.# #<...# #.#
###### #.# .o# ###


You could see 2 orcs.

Vanquished Creatures
  An adder (D:2)
  An ooze (D:1)
  3 leopard geckos
  2 orcs (D:3)
  8 bats
  A giant cockroach (D:1)
  5 hobgoblins
  6 jackals
  6 kobolds (D:1)
  A ball python (D:1)
  2 frilled lizards (D:1)
  5 goblins
  3 rats
44 creatures vanquished.

Notes
Turn   | Place    | Note
-------+----------+-------------------------------------------
     0 | Abyss:1  | EnegeticOcto the Halfling Abyssal Knight began the quest
                  | for the Orb.
     0 | Abyss:1  | Reached XP level 1. HP: 15/15 MP: 2/2
    19 | D:1      | Escaped the Abyss
   291 | D:1      | Reached XP level 2. HP: 20/20 MP: 3/3
   418 | D:1      | Reached skill level 3 in Axes
   568 | D:1      | Reached ** piety under Lugonu
   586 | D:1      | Reached XP level 3. HP: 25/25 MP: 4/4
  1835 | D:2      | Found an ancient bone altar of Kikubaaqudgha.
  1837 | D:2      | Noticed Menkaure
  1842 | D:2      | Found a transporter.
  2069 | D:2      | Found a transporter.
  2081 | D:2      | Noticed a necrophage
  2082 | D:2      | Found a basalt altar of Yredelemnul.
  2282 | D:2      | Reached skill level 4 in Axes
  2282 | D:2      | Reached XP level 4. HP: 30/30 MP: 5/5
  2694 | D:3      | Noticed Grinder
  2694 | D:3      | Paralysed by Grinder for 4 turns
  2700 | D:3      | Gained mutation: Scrolls take you a little longer to read.
                  | [potion of mutation]
  2700 | D:3      | Gained mutation: Your mind is acute. (Int +2) [potion of
                  | mutation]
  2700 | D:3      | Gained mutation: You are surrounded by a mild repulsion
                  | field. (EV +2) [potion of mutation]
  2701 | D:3      | Lost mutation: Your mind is acute. (Int +2) [potion of
                  | mutation]
  2701 | D:3      | Lost mutation: Scrolls take you a little longer to read.
                  | [potion of mutation]
  2701 | D:3      | Lost mutation: You are surrounded by a mild repulsion
                  | field. (EV +2) [potion of mutation]
  3004 | D:3      | Slain by an orc wizard

Illustrated notes

Levels and vault maps discovered:
D:1:      lemuel_arrival_behind_the_door_large, layout_basic,
          serial_co_window_serial, co_window_corner_a, co_window_paths_a,
          co_window_corner_a, co_window_paths_a, co_window_paths_a,
          co_window_broadway_b, co_window_of_opportunity_c,
          co_window_broadway_c, co_window_paths_c, co_window_broadway_c,
          co_window_broadway_a, co_window_of_opportunity_b, glass_columns_b,
          glass_columns_a, glass_columns_a, glass_columns_c, minmay_heptomino_d4
D:2:      layout_loops_corners, gammafunk_temple_of_torment
D:3:      layout_basic, uniq_grinder

Skill      XL: |  1  2  3 |
---------------+----------+-----
Axes           | 3 4 |  4.3
Fighting       | |  2.6
Armour         | |  2.1
Dodging        | |  1.1
Invocations    | |  2.0

Action                   |  1- 3 |  4- 6 || total
-------------------------+-------+-------++-------
Melee: Hand axe          |   122 |    39 ||   161
  Use: Scroll            |       |     7 ||     7
       Potion            |       |     2 ||     2
 Stab: Sleeping          |     1 |     1 ||     2
  Eat: Ration            |     2 |       ||     2
Armor: Leather armour    |    32 |    14 ||    46
Dodge: Dodged            |    90 |    27 ||   117

Table legend:
 A = Non-vault XP
 B = Vault XP
 C = Vault XP percentage of total XP
 D = Non-vault monster count
 E = Vault monster count
 F = Vault count percentage of total count
                 A         B        C        D         E       F
            +---------+---------+-------+---------+---------+-------
      Total |      93 |       5 |   5.1 |      40 |       4 |   9.1
            +---------+---------+-------+---------+---------+-------
        D:1 |      51 |       5 |   8.9 |      24 |       4 |  14.3
        D:2 |      33 |       0 |   0.0 |      12 |       0 |   0.0
        D:3 |       9 |       0 |   0.0 |       4 |       0 |   0.0
            +---------+---------+-------+---------+---------+-------
